[Event "9. Korbacher Open 2017"]
[Site "Korbach"]
[Date "2017.10.20"]
[Round "2"]
[White "Simukov, Erik"]
[Black "Lehmann, Tim"]
[Result "1/2-1/2"]
[ECO "B92"]
[WhiteElo "1621"]
[BlackElo "1865"]
[Annotator "NA RC"]
[PlyCount "75"]
[EventDate "2017.??.??"]
[EventType "swiss"]
[EventCountry "GER"]
[SourceTitle "playchess.com"]
[Source "ChessBase"]
[SourceQuality "1"]
[TimeControl "40/5400+30:1800+30"]

1. e4 c5 2. Nf3 d6 3. d4 cxd4 4. Nxd4 Nf6 5. Nc3 a6 6. Be2 e5 7. Nb3 Be6 8. f4 exf4 {[%emt 0:01:09] B92: Sicilian Najdorf: 6 Be2} (8... Be7 9. O-O O-O 10. Bf3 exf4 11. Bxf4 Nc6 12. Nd5 Bxd5 13. exd5 Ne5 14. Bxe5 dxe5 15. c4 a5 16. Kh1 Rc8 17. Rc1 {0-1 (44) Saveliev,A (2396)-Kokarev,D (2617) St Petersburg 2017}) 9. Bxf4 Nc6 10. O-O {[%emt 0:03:28] LiveBook: 14 Games} Be7 11. Nd5 ({Better is} 11. Qe1 $11) 11... Nxe4 12. Nxe7 Qxe7 $146 ({But not} 12... Kxe7 13. Bf3 $14) ({Predecessor:} 12... Qb6+ 13. Kh1 Nxe7 14. Qd4 Qxd4 15. Nxd4 O-O 16. Bf3 d5 17. Rae1 Nf5 18. Nxf5 Bxf5 {0-1 (66) Szamoskozi,G (2335)-Lorand,N (2348) Hungary 2014}) 13. Bf3 Bxb3 $2 (13... d5 $15) 14. axb3 O-O-O {[%emt 0:13:07] [#]} 15. Re1 (15. b4 $1 $18 {[%mdl 512] is the precise move to win.}) 15... f5 16. Qd5 Qd7 17. Bxe4 fxe4 18. Rxe4 Rhe8 19. Rae1 Rxe4 20. Qxe4 h6 21. h3 Kc7 22. c4 b6 23. Qe3 (23. Bg3 $16) 23... Kb7 (23... Qf5 $1 $14) 24. Rd1 g5 25. Bxd6 Re8 (25... Qe8 $16 26. Qf3 Qe6) 26. Qd2 (26. Qd3 $18 {und Weiss behält klar die Oberhand.}) 26... Qe6 $1 27. Bg3 Rd8 28. Bd6 (28. Qc1 $14) 28... Re8 29. Kh1 g4 {[%emt 0:05:45] [#]} 30. hxg4 (30. h4 $1 $16) 30... Qxg4 31. Rf1 Qh5+ 32. Kg1 Rd8 33. Qf4 ({White should try} 33. Rd1 $16) 33... Rd7 34. b4 b5 (34... Qe2 $14) 35. c5 Qd5 36. Qg4 Rf7 (36... Qd4+ $16 37. Qxd4 Nxd4) 37. Rd1 $2 (37. Rxf7+ $18 Qxf7 38. Qe4) 37... Qf5 38. Qh4 $11 1/2-1/2

[Event "9. Korbacher Open 2017"]
[Site "Korbach"]
[Date "2017.10.20"]
[Round "2"]
[White "Hildebrand, Georg"]
[Black "Flach, Helene"]
[Result "1-0"]
[ECO "A13"]
[WhiteElo "1477"]
[BlackElo "1862"]
[Annotator "NA RC"]
[PlyCount "61"]
[EventDate "2017.??.??"]
[EventType "swiss"]
[EventCountry "GER"]
[SourceTitle "playchess.com"]
[Source "ChessBase"]
[SourceQuality "1"]
[TimeControl "40/5400+30:1800+30"]

1. c4 e6 2. d4 d5 3. Nf3 Be7 4. c5 b6 5. b4 {[%emt 0:00:52] [#]} a5 $1 6. Bd2 (6. cxb6 $17 Bxb4+ 7. Bd2) 6... axb4 7. Bxb4 Nc6 8. Ba3 bxc5 9. Bxc5 Bxc5 10. dxc5 Qf6 11. Nbd2 Qb2 12. e3 Nb4 (12... Rxa2 $17 13. Rxa2 Qxa2) 13. Bb5+ Bd7 14. Bxd7+ Kxd7 15. O-O Rxa2 16. Rxa2 Qxa2 17. Ne5+ Ke8 (17... Ke7 $142 18. Qh5 Nh6 19. Qg5+ Ke8 20. Qxg7 Rf8 21. Qxh6 Qxd2) 18. Qe2 Qa4 19. Qg4 g6 $2 (19... Kf8 20. Rb1 g6) 20. Rb1 f6 21. Qxe6+ Ne7 {[%emt 0:00:17] [#]} 22. Rxb4 $1 Qxb4 23. Qd7+ Kf8 24. Qd8+ Kg7 25. Qxe7+ Kh6 26. Nf7+ Kh5 27. Nf1 Rg8 28. Ng3+ Kg4 29. h3+ Kh4 30. Qxf6+ g5 31. Qh6# 1-0

[Event "9. Korbacher Open 2017"]
[Site "Korbach"]
[Date "2017.10.20"]
[Round "3"]
[White "Sanati, Charlotte"]
[Black "Koellner, Christof"]
[Result "1/2-1/2"]
[ECO "D07"]
[WhiteElo "2098"]
[BlackElo "2073"]
[Annotator "NA RC"]
[PlyCount "140"]
[EventDate "2017.??.??"]
[EventType "swiss"]
[EventCountry "GER"]
[SourceTitle "playchess.com"]
[Source "ChessBase"]
[SourceQuality "1"]
[TimeControl "40/5400+30:1800+30"]

1. d4 d5 2. c4 Nc6 3. Nf3 Bg4 4. Nc3 Nf6 5. e3 (5. Ne5 $16 Bf5 6. e3) 5... e6 6. Be2 Bb4 7. O-O {[%emt 0:02:39] D07: Queen's Gambit: Chigorin Defence} O-O 8. Qc2 (8. Bd2 dxc4 9. h3 Bh5 10. Ne5 Nxe5 11. dxe5 Bxe2 12. Qxe2 Nd7 13. Qxc4 a5 14. Rfd1 Nxe5 15. Qb5 Qf6 16. Qxb7 {½-½ (37) Rakhmatullin,K (2335)-Iuldachev,S (2517) Tashkent 2007}) 8... Bxc3 $146 ({Predecessor:} 8... dxc4 9. Bxc4 Bxf3 10. gxf3 Nd5 11. a3 Bxc3 12. bxc3 Qh4 13. e4 Nf4 14. Bxf4 Qxf4 {0-1 (25) Laframboise,M (2195)-Bergeron,P (2119) Montreal 2003}) 9. bxc3 dxc4 10. e4 (10. Bxc4 $14 Bxf3 11. gxf3) 10... Bxf3 11. Bxf3 e5 12. d5 Na5 13. Ba3 Re8 14. Bb4 b6 15. Bxa5 bxa5 16. Be2 Qd6 17. Bxc4 Reb8 18. Rab1 Rb6 19. Bb5 Rab8 20. Bc6 Qc5 21. h3 h6 22. Rb3 Qc4 23. Rxb6 Rxb6 24. Re1 Qc5 25. g3 Rb4 26. Re3 Qc4 27. Kg2 Qc5 28. a3 Rb6 29. a4 a6 30. Re2 Qc4 31. Re3 $1 Rb3 32. Qd3 Qxd3 33. Rxd3 Nxe4 34. Re3 Nd6 35. Rxe5 Kf8 36. Re3 g6 37. Kf3 Nf5 38. Rd3 Ke7 39. g4 Ng7 40. Ke3 Kd6 41. Kd4 f5 42. f3 f4 (42... Rb6 $16) 43. Ke4 (43. c4 $18 {and White stays clearly on top.} Rb4 44. h4) 43... g5 44. c4 Rb1 {[%emt 0:00:00] [#]} 45. Kd4 $1 Re1 (45... Ke7 $1 $14) 46. c5+ Ke7 47. Kc4 Rc1+ 48. Rc3 Rd1 49. Rc2 Re1 50. Rd2 (50. Rb2 $18) 50... Rc1+ 51. Kd4 Re1 52. Kd3 $2 (52. Bb7 $18) 52... Re3+ $1 53. Kd4 Re1 54. Kd3 Re3+ {[%emt 0:00:02] [#]} 55. Kc4 $1 Ne8 56. Rd4 (56. Rb2 $142) 56... Nf6 57. d6+ cxd6 58. cxd6+ ({Less strong is} 58. Rxd6 Re1 $11) 58... Kd8 {[%emt 0:00:26] [#]} 59. Rd2 $2 (59. d7 $1 $18) 59... Nd7 60. Rb2 Ne5+ 61. Kd5 Nxc6 62. Kxc6 Rc3+ 63. Kd5 Rxf3 64. Rb8+ Kd7 65. Rb7+ Kd8 66. Rb8+ Kd7 67. Rb7+ Kd8 68. Rb8+ Kd7 69. Rb7+ $11 Kc8 70. Ke4 Kd8 1/2-1/2

[Event "9. Korbacher Open 2017"]
[Site "Korbach"]
[Date "2017.10.20"]
[Round "3"]
[White "Nielsen, Klaus"]
[Black "Launert, Martin"]
[Result "1-0"]
[ECO "C51"]
[WhiteElo "2092"]
[BlackElo "1879"]
[Annotator "NA RC"]
[PlyCount "79"]
[EventDate "2017.??.??"]
[EventType "swiss"]
[EventCountry "GER"]
[SourceTitle "playchess.com"]
[Source "ChessBase"]
[SourceQuality "1"]
[TimeControl "40/5400+30:1800+30"]

1. e4 e5 2. Nf3 Nc6 3. Bc4 Bc5 4. b4 Bxb4 5. c3 Be7 6. d4 Na5 7. Bd3 exd4 {[%emt 0:02:09] C51: Evans Gambit: Declined and Accepted without 5...Ba5} (7... d6 8. dxe5 dxe5 9. Nxe5 Nf6 10. O-O O-O 11. Qc2 c5 12. Nd2 Qc7 13. Nec4 Nxc4 14. Bxc4 Bd6 15. h3 {0-1 (47) Kryvoruchko,Y (2707)-Karjakin,S (2771) Dubai 2014}) 8. cxd4 d5 9. e5 (9. exd5 $5 c6 10. dxc6 $11) 9... Nc6 10. O-O Bg4 $146 ({Predecessor:} 10... Nh6 11. Bxh6 gxh6 12. h3 Rg8 13. Kh2 Be6 14. Nc3 Qd7 15. Rb1 Rb8 16. Bxh7 Rg7 17. Bc2 Kf8 18. Ne2 f6 {½-½ (18) Cabot Muntane,J (1938)-Minguez Rodriguez,R (2223) Barcelona 2014}) 11. Be3 Qd7 12. Nbd2 Bb4 13. Qb3 Nge7 14. a3 Bxd2 15. Nxd2 Rb8 16. f3 Bf5 17. Be2 O-O 18. g4 Be6 19. Qc3 f5 20. exf6 Rxf6 21. Bg5 (21. Nb3 $15) 21... Rff8 22. Nb3 Ng6 23. Rae1 Qf7 (23... Qd6 $15) 24. Nc5 Bd7 $2 {[%emt 0:00:35] [#]} (24... Rbe8 $11 {und Schwarz muss sich keine Sorgen machen.}) 25. Bd3 $2 (25. f4 $1 $18) 25... Rfe8 26. Nxd7 Qxd7 27. Bf5 Qd6 28. Qd3 Nf8 29. Bh4 (29. Qd2 $17 {war angesagt.}) 29... g6 30. Bg3 Qd8 31. Rxe8 Qxe8 32. Bxc7 Ra8 ({Weaker is} 32... gxf5 33. Bxb8 Qxb8 34. Rb1 $17) 33. Kh1 gxf5 34. gxf5 Nd7 35. Qb3 Nf6 $2 (35... Qe2 $19 36. Rg1+ Kh8 37. Qxd5 Re8) 36. Qxb7 Rc8 $2 (36... Kf7 $11) 37. Rg1+ Kf7 $18 38. Be5+ Qd7 39. Rg7+ Kxg7 40. Qxd7+ 1-0

[Event "9. Korbacher Open 2017"]
[Site "Korbach"]
[Date "2017.10.20"]
[Round "3"]
[White "Schmidt, Matthias"]
[Black "Held, Martin"]
[Result "1-0"]
[ECO "C27"]
[WhiteElo "2031"]
[BlackElo "1821"]
[Annotator "NA RC"]
[PlyCount "43"]
[EventDate "2017.??.??"]
[EventType "swiss"]
[EventCountry "GER"]
[SourceTitle "playchess.com"]
[Source "ChessBase"]
[SourceQuality "1"]
[TimeControl "40/5400+30:1800+30"]

1. e4 e5 2. Nc3 Nf6 3. Bc4 Nxe4 4. Qh5 Nd6 5. Bb3 Nc6 {[%emt 0:01:07] [#]} (5... Be7 $1 $11) 6. Nb5 $1 {[%emt 0:01:24] LiveBook: 37 Games} g6 7. Qf3 f5 8. Qd5 Qe7 9. Nxc7+ Kd8 10. Nxa8 b6 11. Qd3 {[%emt 0:29:21] C27: Vienna Game: 2...Nf6 3 Bc4 Nxe4} Bb7 12. Nxb6 Nb4 $146 ({Predecessor:} 12... axb6 $16 {was worth a try.} 13. Ne2 Nd4 (13... f4 14. O-O h5 15. f3 Nf5 16. Qb5 Qc5+ 17. Qxc5 Bxc5+ 18. Rf2 h4 {½-½ (38) Meissen,F (2555)-Rulfs,E (2384) Remote email 2013})) 13. Qf1 (13. Qh3 $18 {and White stays clearly on top.} axb6 14. Ne2) 13... axb6 14. a3 Ba6 (14... Nc6 $16 {is a better defense.}) 15. Ne2 Nc6 16. Qg1 (16. d3 $18) 16... Nd4 {[%emt 0:05:00] [#]} (16... Bxe2 $1 $14 17. Kxe2 Nd4+ 18. Kf1 Bg7) 17. d3 $1 Nxe2 18. Kxe2 e4 19. Kd1 (19. Qe1 $18) 19... Bg7 (19... exd3 $142 20. cxd3 Bxd3) 20. f3 exd3 $2 (20... Nc8 21. Qf2 exd3 22. cxd3 Re8) 21. Qxb6+ Ke8 22. Re1 $18 1-0

[Event "9. Korbacher Open 2017"]
[Site "Korbach"]
[Date "2017.10.20"]
[Round "3"]
[White "Stahnke, Thorsten"]
[Black "Ohst, Holger"]
[Result "1/2-1/2"]
[ECO "A30"]
[WhiteElo "2026"]
[BlackElo "1986"]
[Annotator "NA RC"]
[PlyCount "163"]
[EventDate "2017.??.??"]
[EventType "swiss"]
[EventCountry "GER"]
[SourceTitle "playchess.com"]
[Source "ChessBase"]
[SourceQuality "1"]
[TimeControl "40/5400+30:1800+30"]

1. c4 c5 2. Nf3 g6 3. d4 cxd4 4. Nxd4 Bg7 5. e4 d6 6. Be3 Nf6 7. f3 $1 Bd7 8. Nc3 Nc6 9. Qd2 {[%emt 0:02:48] LiveBook: 8 Partien} a6 10. Be2 Rb8 11. O-O O-O 12. Rfd1 Nxd4 {[%emt 0:14:15] B38: Sicilian: Maroczy Bind with 5...Bg7 and 7...0-0} 13. Bxd4 Bc6 14. Bf1 $146 ({Predecessor:} 14. Rac1 Nd7 15. Ba7 Ra8 16. Be3 Rb8 17. b4 b5 18. cxb5 axb5 19. Nd5 Bxd5 20. Qxd5 {1-0 (32) Butnorius,A (2378)-Harestad,T (2206) Porto 2014}) 14... Nd7 15. Be3 b5 16. cxb5 axb5 17. Ne2 Ne5 18. Nd4 Qd7 19. Rdc1 Rfc8 20. Rc2 d5 21. Nxc6 Rxc6 22. Rxc6 Qxc6 23. exd5 Qf6 (23... Qd7 $11) 24. Rc1 Nc4 25. Bxc4 bxc4 26. Rxc4 Qxb2 27. Qxb2 Bxb2 28. Rc7 (28. a4 $16) 28... Kf8 29. Bc5 Bf6 30. d6 exd6 31. Bxd6+ Kg8 32. Kf2 Bd4+ 33. Ke2 Ra8 34. Rc2 Ra6 {[%emt 0:00:41] [#]} 35. Bb4 $1 Be5 36. g3 f5 37. a3 Kf7 38. f4 Bd6 39. Bxd6 Rxd6 40. a4 Ra6 41. Ra2 Ke6 42. a5 Kd5 {[%emt 0:00:00] [#]} 43. Kd3 $1 Kc5 44. Kc3 h5 45. h4 Kb5 46. Kd4 Rd6+ $2 (46... Kc6 47. Rc2+ Kd7) 47. Ke5 Ra6 48. Kd5 Kb4 49. Ra1 Kc3 50. Kc5 Kd3 51. Kb5 Ra8 52. Ra3+ Ke2 53. a6 Kf2 54. Kb6 Re8 55. a7 Rf8 56. Kc6 (56. Rc3 $142 Ke2 57. Kb7) 56... Rf6+ 57. Kd5 Rf8 58. Ke6 Kg2 59. Ke7 Ra8 60. Kf6 Kh3 61. Kxg6 Kg4 62. Kg7 Kh3 63. Kf6 Kg4 64. Kg6 Rg8+ 65. Kf7 Ra8 66. Ke6 Re8+ 67. Kd6 Ra8 68. Ra5 (68. Kc6 $142 Rxa7 69. Rxa7 Kxg3 70. Kd6 Kxf4 71. Ra4+ Kf3 72. Ke5 f4 73. Rxf4+ Ke3 74. Rf5) 68... Kxg3 69. Rxf5 $2 (69. Ke5 $18 Kg4 70. Ra6) 69... Rxa7 70. Rf8 Kxh4 71. Rg8 Kh3 72. f5 h4 73. f6 Kh2 74. Rg7 Ra1 75. Ke5 h3 76. Rg4 Ra5+ 77. Ke6 $11 Ra6+ 78. Kf7 Kh1 79. Kg7 h2 80. f7 Ra7 81. Kg8 Rxf7 82. Kxf7 1/2-1/2

[Event "9. Korbacher Open 2017"]
[Site "Korbach"]
[Date "2017.10.20"]
[Round "3"]
[White "Lesny, Florian"]
[Black "Aardenburg, Piet"]
[Result "1-0"]
[ECO "C42"]
[WhiteElo "1997"]
[BlackElo "1782"]
[Annotator "NA RC"]
[PlyCount "53"]
[EventDate "2017.??.??"]
[EventType "swiss"]
[EventCountry "GER"]
[SourceTitle "playchess.com"]
[Source "ChessBase"]
[SourceQuality "1"]
[TimeControl "40/5400+30:1800+30"]

1. e4 e5 2. Nf3 Nf6 3. Nxe5 d6 4. Nf3 Nxe4 5. d4 d5 6. Bd3 Nc6 7. O-O Be7 8. Re1 Nf6 9. c3 {[%emt 0:02:47] C42: Petroff Defence: 3 Nxe5 and unusual White 3rd moves} O-O (9... Bg4 10. Qb3 Rb8 11. Ne5 O-O 12. Bg5 Bh5 13. Nxc6 bxc6 14. Qc2 Bg6 15. Bxg6 hxg6 16. Nd2 Re8 17. b4 Bd6 {½-½ (53) Sulskis,S (2564)-Zaitsev,M (2515) Germany 2013}) 10. Nbd2 {[%emt 0:01:49] LiveBook: 3 Games} Bg4 11. Nf1 h6 12. h3 Bxf3 (12... Be6 $142) 13. Qxf3 Bd6 14. Ng3 $146 ({Predecessor:} 14. Bd2 Nh7 15. Re2 Ne7 16. Rae1 c6 17. Ng3 Ng6 {1-0 (35) Casser,A (1428)-Salazar Moran,A (1500) LSS email 2010}) 14... Ne7 {[%emt 0:01:32] [#]} (14... Bxg3 $16 {was worth a try.} 15. Qxg3 Kh8) 15. Bxh6 $1 gxh6 16. Qxf6 Ng6 17. Qxd8 Raxd8 18. Nf5 h5 19. g3 c6 20. Nxd6 Rxd6 21. h4 f5 22. Be2 f4 23. Bxh5 fxg3 24. fxg3 Rf7 25. Re8+ Kh7 26. Rae1 Rdf6 27. R8e6 $18 1-0

[Event "9. Korbacher Open 2017"]
[Site "Korbach"]
[Date "2017.10.20"]
[Round "3"]
[White "Dudink, Bas"]
[Black "Heinemann, Ernst"]
[Result "0-1"]
[ECO "A58"]
[WhiteElo "1951"]
[BlackElo "2099"]
[Annotator "NA RC"]
[PlyCount "142"]
[EventDate "2017.??.??"]
[EventType "swiss"]
[EventCountry "GER"]
[SourceTitle "playchess.com"]
[Source "ChessBase"]
[SourceQuality "1"]
[TimeControl "40/5400+30:1800+30"]

1. d4 Nf6 2. c4 c5 3. d5 b5 4. cxb5 a6 5. bxa6 e6 6. Nc3 Nxd5 7. Nxd5 exd5 8. Qxd5 Nc6 9. e4 Be7 {[%emt 0:00:07] A58: Benko/Volga Gambit: Lines with 5 bxa6} 10. Nf3 Bxa6 11. Bd2 Qb6 12. Bc3 O-O 13. Bc4 $146 {[%emt 0:00:48] [#]} ({Don't play} 13. Qxd7 Rfd8 $15) (13. a3 $14) ({Predecessor:} 13. Bxa6 Qxa6 14. Ne5 Nd4 15. Bxd4 cxd4 16. f4 Rac8 17. Qb3 {½-½ (28) Nikitin,A (2452)-Annageldyev,O (2458) Alushta 2004}) 13... Nb4 $1 14. Bxb4 ({But not} 14. Qe5 $2 Bf6 $19) 14... Qxb4+ 15. Nd2 Bb7 ({Of course not} 15... Qxb2 $6 16. O-O $11) 16. Qd3 Bg5 (16... d5 $5 17. exd5 Bg5 $11) 17. Qc3 Qxc3 18. bxc3 Bxd2+ 19. Kxd2 Bxe4 20. f3 Bc6 21. Rhb1 g6 22. Rb6 Ra5 23. Ra6 Rxa6 24. Bxa6 Ra8 25. Bc4 Kf8 26. Bb3 d5 27. a4 Rb8 28. Bc2 Ra8 29. a5 Bb5 30. h4 Ke7 31. g4 Kd6 32. f4 h6 33. Bd1 Ra7 34. Bf3 c4 35. Ke3 Kc5 36. Rd1 Bc6 37. Ra1 f6 38. Ra2 Ra6 39. Ra1 Be8 40. Ra2 Bb5 41. Ra1 Re6+ 42. Kd2 d4 43. cxd4+ Kxd4 44. Ra3 Ba6 45. Rc3 (45. Bd1 $142) 45... Re7 46. Bg2 {[%emt 0:00:00] [#]} (46. Bd1 $17) 46... Rc7 (46... g5 $1 $19 {and Black stays clearly on top.} 47. hxg5 hxg5) 47. Kc2 Rc5 48. Ra3 {[%emt 0:00:00] [#]} g5 $2 (48... c3 $1 $19 49. Ra4+ Ke3 50. Re4+ Kf2) 49. fxg5 fxg5 50. hxg5 hxg5 51. Bf1 Re5 52. Kd1 Re4 53. Be2 Re5 (53... Re6 $17 54. Ra2 Kc3) 54. Bf1 Re6 55. Rf3 Bb5 56. Ra3 Rf6 57. Be2 Re6 58. Bf1 Kc5 59. Ra1 Rf6 60. Be2 Kb4 61. Kc2 Rf2 (61... Ba4+ $19 62. Kd2 c3+ 63. Ke1 Rd6) 62. Kd1 Rg2 ({Better is} 62... Rf7 $19 63. Ke1 Re7) 63. Bf1 {[%emt 0:01:45] [#]} Rg1 $1 64. Kc2 $2 (64. Ke1 $17 {war die einzige Chance.}) 64... Ba4+ 65. Kd2 c3+ 66. Ke3 Kxa5 67. Kd3 $2 (67. Kf2 Rh1 68. Kg2) 67... Kb4 ({Inferior is} 67... Rxf1 68. Rxf1 Bb5+ 69. Kxc3 $11) 68. Rb1+ Bb3 69. Ke2 Rxg4 70. Bh3 Rd4 71. Ke3 c2 0-1

[Event "9. Korbacher Open 2017"]
[Site "Korbach"]
[Date "2017.10.20"]
[Round "3"]
[White "Nemetz, Markus"]
[Black "Meyer, Marcel"]
[Result "1-0"]
[ECO "E20"]
[WhiteElo "1951"]
[BlackElo "1740"]
[Annotator "NA RC"]
[PlyCount "153"]
[EventDate "2017.??.??"]
[EventType "swiss"]
[EventCountry "GER"]
[SourceTitle "playchess.com"]
[Source "ChessBase"]
[SourceQuality "1"]
[TimeControl "40/5400+30:1800+30"]

1. d4 Nf6 2. c4 e6 3. Nc3 Bb4 4. f3 c5 5. d5 d6 6. e4 e5 7. Bd3 {[%emt 0:01:02] E20: Nimzo-Indian: 4 g3 and 4 f3} O-O (7... Nh5 8. Nge2 Qh4+ 9. g3 Bxc3+ 10. Kf2 Be1+ 11. Qxe1 Qh3 12. Be3 O-O 13. Qd2 g6 14. g4 Bxg4 15. fxg4 {1-0 (30) Dvirnyy,D (2533)-Slavin,A (2391) Jerusalem 2015}) 8. Nge2 Nh5 9. O-O Na6 $146 ({Predecessor:} 9... Bxc3 10. bxc3 Nd7 11. Rb1 b6 12. Bc2 Ba6 13. Qd3 Qh4 14. Ba4 Rad8 {1-0 (44) Quiroga,S (2265)-Goncalves,C (1918) ICCF email 2006}) 10. Qe1 Nc7 11. g4 Nf6 12. Bg5 h6 13. Bd2 Nh7 14. Qg3 g5 (14... Bd7 $16) 15. Kf2 Kg7 16. Rh1 Rh8 17. h4 f6 18. Be3 Bd7 19. a3 Bxc3 20. Nxc3 Rb8 21. b4 b6 (21... b5 $142 22. bxc5 bxc4) 22. Rhb1 Na6 23. Rb2 Qe7 24. b5 Nc7 25. a4 Ra8 26. a5 Rhb8 27. Rba2 Qd8 (27... Nf8 {might work better.} 28. h5 bxa5 29. Rxa5 a6 30. bxa6 Rb3) 28. Rh1 Qe7 29. Qh2 Rh8 30. Na4 bxa5 31. Nc3 Qd8 32. Rha1 Qb8 33. Rxa5 Qb7 34. h5 (34. hxg5 $18 Nxg5 35. Bf1) 34... Rhb8 35. Kg3 a6 36. Qb2 Nf8 37. Bd2 Bc8 38. Qa3 Nd7 {[%emt 0:01:42] [#]} 39. bxa6 $1 Rxa6 40. Rxa6 Qxa6 41. Nb5 Qxa3 42. Rxa3 ({Viel schwächer ist} 42. Nxa3 Ra8 $16) 42... Nxb5 43. cxb5 Kf7 44. Kf2 $2 (44. Ra7 $18 {und der Rest ist Schweigen.}) 44... Ke7 45. Ra7 Rb7 {[%emt 0:00:00] [#]} 46. Rxb7 $1 Bxb7 47. Ba5 c4 (47... f5 $142 48. gxf5 Nf6) 48. Bxc4 Nc5 49. Ke2 Bc8 50. b6 Nb7 51. Bb4 Kd8 52. Bb5 Ke7 53. Bc6 Nd8 54. Kd3 Ba6+ 55. Ke3 Nb7 56. Ba4 Nd8 57. Bd1 Kd7 58. Be2 Bb7 59. Bb5+ Ke7 60. Kd3 Bc8 61. Kc4 Bb7 62. Kb3 Bc8 63. Ka4 Nb7 64. Bc6 Nd8 65. Kb5 Nb7 66. Ka6 Nc5+ 67. Ka7 Nd3 68. Bc3 ({Nicht} 68. b7 Bxb7 69. Bd2 (69. Bxb7 Nxb4 70. Bc6 Nc2 $11) 69... Bc8 $18) 68... Nf2 69. b7 Bxb7 70. Kxb7 Nh3 71. Kc7 Ng1 72. Bb4 Nxf3 73. Bxd6+ Kf7 74. Bb4 f5 75. exf5 Nd4 76. d6 e4 77. d7 1-0

[Event "9. Korbacher Open 2017"]
[Site "Korbach"]
[Date "2017.10.20"]
[Round "3"]
[White "Wachsmann, Dietmar"]
[Black "Rutz, Matthias"]
[Result "1/2-1/2"]
[ECO "B13"]
[WhiteElo "1930"]
[BlackElo "2046"]
[Annotator "NA RC"]
[PlyCount "58"]
[EventDate "2017.??.??"]
[EventType "swiss"]
[EventCountry "GER"]
[SourceTitle "playchess.com"]
[Source "ChessBase"]
[SourceQuality "1"]
[TimeControl "40/5400+30:1800+30"]

1. e4 c6 2. d4 d5 3. exd5 cxd5 4. c4 Nf6 5. Nc3 Nc6 {[%emt 0:00:12] LiveBook: 2764 Games} 6. cxd5 Nxd5 7. Bc4 {[%emt 0:01:36] B13: Caro-Kann: Exchange Variation and Panov-Botvinnik Attack} (7. Nf3 g6 8. Qb3 e6 9. Bb5 Bg7 10. Bg5 f6 11. Bd2 O-O 12. Bxc6 bxc6 13. O-O Qb6 14. Qc2 Nb4 15. Qd1 Nd3 16. Na4 Qb5 17. Qc2 Ba6 {0-1 (57) Boruchovsky,A (2536)-Sargissian,G (2679) Douglas 2015}) 7... Nxc3 8. bxc3 g6 9. Qf3 e6 10. Ne2 Bd7 $146 ({Predecessor:} 10... Bg7 11. Ba3 Qa5 12. Bc5 Ne5 13. dxe5 Qxc5 14. Bd3 Bxe5 15. O-O {0-1 (24) Eriksson,M (2200)-Cramling,D (2375) Gausdal 1982}) 11. O-O Rc8 (11... Bd6 $14) 12. Bd3 (12. Bb3 $16) 12... Bd6 13. Ng3 Qh4 14. Qe4 Qf6 15. Qg4 Be7 16. Ne4 Qg7 17. Qh3 h5 18. Qg3 h4 19. Qf3 g5 20. a4 f5 21. Nd2 g4 22. Qe2 O-O 23. Ba3 (23. Nc4 $14) 23... e5 (23... h3 $15) 24. dxe5 (24. Bc4+ $11 Kh7 25. Bxe7 Qxe7 26. Rab1) 24... Nxe5 (24... Bxa3 $15 25. e6 Bb2 26. exd7 Qxd7) 25. Bxe7 $1 Qxe7 26. Rfe1 Qd6 27. Bb5 (27. Bc4+ $11 Nxc4 28. Nxc4) 27... Rfe8 28. Nc4 (28. Rad1 $1 $11 {bleibt in der Remisbreite.} Qc7 29. Qf1) 28... Nxc4 29. Bxc4+ $17 Kg7 1/2-1/2

[Event "9. Korbacher Open 2017"]
[Site "Korbach"]
[Date "2017.10.20"]
[Round "3"]
[White "Hagedorn, Alfons"]
[Black "Boehme, Jonas"]
[Result "1-0"]
[ECO "A04"]
[WhiteElo "1923"]
[BlackElo "1675"]
[Annotator "NA RC"]
[PlyCount "57"]
[EventDate "2017.??.??"]
[EventType "swiss"]
[EventCountry "GER"]
[SourceTitle "playchess.com"]
[Source "ChessBase"]
[SourceQuality "1"]
[TimeControl "40/5400+30:1800+30"]

1. Nf3 f5 2. d3 Nc6 3. e4 fxe4 4. dxe4 d6 5. Bc4 Nf6 6. O-O Bg4 7. Nc3 Ne5 {[%emt 0:01:20] [#]} ({Black should try} 7... Qd7 $14) 8. Be2 ({Only move:} 8. Nxe5 $1 $16 dxe5 9. Qe1) 8... Ng6 ({Günstiger ist} 8... Nxf3+ $14 9. Bxf3 Bxf3 10. Qxf3 e5) 9. Ng5 Bxe2 10. Qxe2 ({But not} 10. Nxe2 $6 Qd7 $14) 10... h6 11. Nf3 $2 (11. Ne6 $18 Qd7 12. Qc4) 11... Qd7 12. Rd1 (12. e5 $16 Nxe5 13. Nxe5 dxe5 14. Rd1 (14. Qxe5 e6 $14)) 12... e5 13. Qc4 O-O-O 14. Be3 Qg4 $2 (14... Kb8 $14) 15. h3 ({Resist} 15. Bxa7 Nf4) 15... Qh5 $2 (15... Qd7 16. Bxa7 Qc6 17. Qe6+ Rd7) 16. Nb5 Rd7 17. Nxa7+ Kd8 18. Nb5 Nf4 $2 (18... Nh4 19. Nxh4 Qxh4) 19. Bxf4 exf4 20. e5 d5 21. Qxf4 Ne4 22. e6 Bc5 (22... Bd6 $142) 23. Nbd4 $2 (23. exd7 Bxf2+ 24. Kf1) 23... g5 $2 (23... Rf8 24. Qe3 (24. exd7 Rxf4 25. Ne6+ Kxd7 $16) 24... Rd6) 24. Qg4 $16 (24. Qf5 $18 {bietet bessere Gewinnchancen.} Rf8 {[#]} 25. e7+ $1 (25. exd7 Rxf5 26. Nxf5 Bxf2+ 27. Kh1 g4 $19) 25... Kxe7 26. Qe5+ Kd8 27. Ne6+ Kc8 28. Nxf8 Bxf8 29. Rxd5 Rxd5 30. Qxd5) 24... Qxg4 25. hxg4 Re7 (25... Rdh7 $16 26. Ne5 Re8) 26. Ne5 Rhh7 27. Ng6 Bxd4 28. Rxd4 Rxe6 29. Nf8 1-0

[Event "9. Korbacher Open 2017"]
[Site "Korbach"]
[Date "2017.10.20"]
[Round "3"]
[White "Buese, Ralf"]
[Black "Powalla, Christian"]
[Result "1/2-1/2"]
[ECO "A45"]
[WhiteElo "1892"]
[BlackElo "1816"]
[Annotator "NA RC"]
[PlyCount "34"]
[EventDate "2017.??.??"]
[EventType "swiss"]
[EventCountry "GER"]
[SourceTitle "playchess.com"]
[Source "ChessBase"]
[SourceQuality "1"]
[TimeControl "40/5400+30:1800+30"]

1. d4 Nf6 2. Bf4 g6 3. e3 Bg7 4. Nf3 O-O 5. Be2 {[%emt 0:00:18] LiveBook: 1008 Partien} d6 6. h3 c5 7. c3 Nbd7 8. Nbd2 a6 9. a4 b6 10. O-O Bb7 11. Qb1 Qc7 12. Bh2 Rac8 {[%emt 0:04:20] A48: 1 d4 Nf6 2 Nf3 g6: Torre, London and Colle Systems} (12... Rfe8 13. Rc1 Rac8 14. Qa2 cxd4 15. exd4 Nd5 16. Bxa6 Bxa6 17. Qxd5 Nf6 18. Qb3 e5 19. dxe5 dxe5 20. Re1 {0-1 (81) Gorozhanin,M (2408)-Smith,B (2423) chess.com INT 2017}) 13. Re1 Rfe8 14. e4 $146 ({Predecessor:} 14. Qa2 cxd4 15. exd4 Bd5 16. c4 Bxf3 17. Nxf3 a5 18. d5 Ne4 19. Bd3 Nec5 20. Bf1 {1-0 (74) Bala,K (2264)-Tomerlin,S (2193) Novi Sad 2017}) 14... cxd4 15. cxd4 Qc2 16. Bd3 Qxb1 17. Raxb1 Bf8 $11 1/2-1/2

[Event "9. Korbacher Open 2017"]
[Site "Korbach"]
[Date "2017.10.20"]
[Round "3"]
[White "Lehmann, Tim"]
[Black "Deutsch, Christoph"]
[Result "1/2-1/2"]
[ECO "D00"]
[WhiteElo "1865"]
[BlackElo "1755"]
[Annotator "NA RC"]
[PlyCount "23"]
[EventDate "2017.??.??"]
[EventType "swiss"]
[EventCountry "GER"]
[SourceTitle "playchess.com"]
[Source "ChessBase"]
[SourceQuality "1"]
[TimeControl "40/5400+30:1800+30"]

1. d4 d5 2. Bf4 Nf6 3. e3 c5 4. c3 Nc6 5. Nd2 e6 6. Ngf3 Bd6 7. Bg3 O-O 8. Bd3 Re8 9. Ne5 Qc7 10. Ndf3 Nd7 $2 {[%emt 0:03:23] [#]} (10... b6 $11 {and Black stays safe.}) 11. Nxd7 $2 (11. Bxh7+ $1 $18 Kf8 (11... Kxh7 12. Ng5+) 12. Nxd7+ Bxd7 13. dxc5 Bxg3 14. hxg3) 11... Qxd7 12. Bxd6 $11 1/2-1/2